 Dungeon Crawl Stone Soup version 0.19-a0-1587-gaef70b6 (webtiles) character file.

121 dvd the Firebug (level 5, 0/39 HPs)
             Began as a Ghoul Fire Elementalist on Sept 17, 2016.
             Was a Believer of Kikubaaqudgha.
             Slain by an orc priest
             ... wielding a +0 flail
              (5 damage)
             ... on level 3 of the Dungeon.
             The game lasted 00:10:41 (2826 turns).

dvd the Firebug (Ghoul Fire Elementalist)           Turns: 2826, Time: 00:10:42

Health: 0/39       AC: 11    Str: 12    XL:     5   Next: 5%
Magic:  6/6        EV:  3    Int: 10    God:    Kikubaaqudgha [**....]
Gold:   85         SH:  0    Dex: 10    Spells: 2 memorised, 3 levels left

rFire  + . .     SeeInvis .       - Unarmed
rCold  + . .     Gourm    .     e - +1 plate armour {rF+}
rNeg   + + +     Faith    .     (no shield)
rPois  ∞         Spirit   .     (no helmet)
rElec  .         Dismiss  +     (no cloak)
rCorr  .         Reflect  .     (no gloves)
MR     .....     Harm     .     (no boots)
Stlth  ..........               o - amulet of dismissal
                                (no ring)
                                (no ring)

@: rotting
A: rotting body, claws 1, carnivore 3, cold resistance 1, negative energy
resistance 3, slow regeneration 1, torment resistance, unbreathing
a: Receive Corpses, Renounce Religion


You were on level 3 of the Dungeon.
You worshipped Kikubaaqudgha.
Kikubaaqudgha was pleased with you.
You were not hungry.

You visited 1 branch of the dungeon, and saw 3 of its levels.

You collected 85 gold pieces.

Inventory:

Armour
 a - a +0 robe
 e - a +1 plate armour of fire resistance (worn)
 i - a +0 scale mail
Jewellery
 o - an amulet of dismissal (around neck)
Wands
 h - a wand of random effects (19/48)
Scrolls
 m - a scroll of identify {unknown}
 p - a scroll of teleportation {unknown}
 q - a scroll of enchant armour {unknown}
 s - a scroll of immolation {unknown}
Potions
 f - a potion of lignification {unknown}
 g - 2 potions of flight {unknown}
 l - a potion of degeneration {unknown}
 n - a potion of ambrosia {unknown}
 r - a potion of heal wounds {unknown}
Books
 b - a book of Flames

   Spells                             Type                      Level
   a - Flame Tongue                   Conjuration/Fire             1
   b - Throw Flame                    Conjuration/Fire             2
   c - Conjure Flame                  Conjuration/Fire             3
   d - Inner Flame                    Hexes/Fire                   3
   e - Sticky Flame                   Conjuration/Fire             4
   f - Fireball                       Conjuration/Fire             5
 j - Kikubaaqudgha's Grimoire of Black Rites
   (Kikubaaqudgha gifted it to you on level 2 of the Dungeon)

   Spells                             Type                      Level
   a - Animate Skeleton               Necromancy                   1
   b - Pain                           Necromancy                   1
   c - Corpse Rot                     Necromancy                   2
   d - Regeneration                   Charms/Necromancy            3
   e - Control Undead                 Necromancy                   4
Comestibles
 c - 3 meat rations
 d - a beef jerky
 k - 8 chunks of flesh


   Skills:
 + Level 0.7 Fighting
 * Level 2.0 Armour
 + Level 2.1 Dodging
 + Level 2.2 Stealth
 * Level 2.8 Unarmed Combat
 + Level 1.7 Spellcasting
 + Level 0.8 Conjurations
 - Level 2.8 Fire Magic
 + Level 0.1 Evocations


You had 3 spell levels left.
You knew the following spells:

 Your Spells              Type           Power        Failure   Level  Hunger
a - Flame Tongue          Conj/Fire      #....        100%        1    ##.....
b - Regeneration          Chrm/Necr      #.........   100%        3    ####...


Dungeon Overview and Level Annotations

Branches:
Dungeon (3/15)

Altars:
Kikubaaqudgha
Yredelemnul
The Shining One


Innate Abilities, Weirdness & Mutations

Your body is rotting away.
You thrive on raw meat.
You are immune to poison.
You have sharp fingernails.
You are carnivorous and can eat meat at any time.
Your flesh is cold resistant. (rC+)
You are immune to negative energy. (rN+++)
You regenerate slowly when monsters are visible.
You are immune to unholy pain and torment.
You can survive without breathing.


Message History

Your plate armour prevents you from hitting the orc priest.
The orc priest hits you but does no damage.
Your plate armour prevents you from hitting the orc priest.
The orc priest hits you but does no damage.
You claw the orc priest!
The orc priest is heavily wounded.
You scratch the orc priest but do no damage.
The orc priest is heavily wounded.
The orc priest hits you with a flail.
Your plate armour prevents you from hitting the orc priest.
The orc priest is heavily wounded.
The orc priest mumbles some strange prayers to Beogh against you.
Beogh smites you!
* * * LOW HITPOINT WARNING * * *
Eat one of 8 chunks of flesh? (ye/n/q)
You start eating one of the 8 chunks of flesh.
The orc priest hits you with a flail.
Keep eating?
You die...
Kikubaaqudgha rasps: "You have failed me!
Welcome... oblivion!"

# ######o..##
###_####...#
#.....##...#
#♣...♣##.o.#
#.....##o..#
#♣...♣##..##
#####'####..#
#.#.).......#
#.#..<@o..###
#.#.......###
#...........#
####........#
#.......<#
#.......)####
#.......)...#
#...........#
#...##......#


You could see an orc priest.

Vanquished Creatures
  4 adders (D:2)
  2 worms (D:2)
  2 dart slugs
  A leopard gecko (D:2)
  8 orcs
  5 bats
  6 giant cockroaches
  2 gnoll zombies (D:2)
  10 hobgoblins
  4 kobolds
  A quokka (D:2)
  A ball python (D:2)
  3 frilled lizards
  5 goblins
  13 rats
67 creatures vanquished.

Notes
Turn   | Place    | Note
-------+----------+-------------------------------------------
     0 | D:1      | dvd the Ghoul Fire Elementalist began the quest for the Orb.
     0 | D:1      | Reached XP level 1. HP: 14/14 MP: 2/2
   613 | D:1      | Reached XP level 2. HP: 20/20 MP: 3/3
  1200 | D:2      | Found a faded altar of an unknown god.
  1451 | D:2      | Became a worshipper of Kikubaaqudgha
  1451 | D:2      | Reached * piety under Kikubaaqudgha
  1451 | D:2      | Identified Kikubaaqudgha's Grimoire of Black Rites (Kikubaaqudgha gifted it to you on level 2 of the Dungeon)
  1451 | D:2      | Received a gift from Kikubaaqudgha
  1490 | D:2      | Reached skill level 1 in Unarmed Combat
  1490 | D:2      | Reached XP level 3. HP: 5/26 MP: 4/4
  1713 | D:2      | Reached skill level 1 in Armour
  1953 | D:2      | Found a basalt altar of Yredelemnul.
  2040 | D:2      | Reached XP level 4. HP: 27/33 MP: 5/5
  2446 | D:2      | Reached ** piety under Kikubaaqudgha
  2462 | D:2      | Learned a level 3 spell: Regeneration
  2709 | D:3      | Found a glowing golden altar of the Shining One.
  2805 | D:2      | Reached XP level 5. HP: 39/39 MP: 6/6
  2826 | D:3      | Slain by an orc priest

Vault maps used:
D:1:      dpeg_arrival_renting
D:2:      lemuel_zombie_altar_yredelemnul, ecumenical_altar_2, serial_forest,
          infiniplex_forest_clump_long, infiniplex_forest_clump_cross,
          infiniplex_forest_straight_2, infiniplex_forest_3_way,
          infiniplex_forest_end_2, infiniplex_forest_clump_medium,
          minmay_heptomino_w4
D:3:      nicolae_ashenzari_panopticon, tso_altar

Skill      XL: |  1  2  3  4 |
---------------+-------------+-----
Dodging        | 2 |  2.1
Unarmed Combat | 1 2 |  2.8
Armour         | 1 2 |  2.0
Fighting       | |  0.7
Stealth        | |  2.2
Spellcasting   | |  1.7
Conjurations   | |  0.8
Fire Magic     | |  2.8
Evocations     | |  0.1

Action                   |  1- 3 |  4- 6 || total
-------------------------+-------+-------++-------
Melee: Unarmed           |   240 |   146 ||   386
 Cast: Flame Tongue      |     4 |       ||     4
Evoke: Wand              |     1 |       ||     1
  Use: Scroll            |     1 |       ||     1
 Stab: Confused          |     1 |       ||     1
  Eat: Chunk             |    13 |    15 ||    28
Armor: Plate armour      |   174 |   135 ||   309
       Robe              |     1 |       ||     1
Dodge: Dodged            |    30 |    16 ||    46
